 Dungeon Crawl Stone Soup version 0.23.2-30-g0e89c35 (webtiles) character file.

Game seed: 8367466633973335081

143285 Fang the Warrior (level 17, -2/115 HPs)
             Began as a Gargoyle Berserker on June 10, 2019.
             Was the Champion of Trog.
             Killed from afar by a starcursed mass (14 damage)
             ... with an accursed screaming
             ... on level 1 of the Abyss.
             The game lasted 00:32:54 (26453 turns).

Fang the Warrior (Gargoyle Berserker)              Turns: 26453, Time: 00:32:54

Health: -2/115     AC: 36    Str: 23    XL:     17   Next: 37%
Magic:  17/17      EV: 12    Int:  9    God:    Trog [******]
Gold:   2426       SH:  0    Dex:  9    Spells: 16/16 levels left

rFire    + . .     SeeInvis +   L - +7 executioner's axe (flame)
rCold    . . .     Gourm    +   (shield currently unavailable)
rNeg     + . .     Faith    .   m - +1 plate armour {rF+}
rPois    ∞         Spirit   .   D - +2 hat {MR+}
rElec    +         Reflect  .   (no cloak)
rCorr    .         Harm     .   C - +2 pair of gloves
MR       ++...                  (no boots)
Stlth    ..........             n - amulet of the gourmand
HPRegen  0.29/turn              e - +6 ring of slaying
MPRegen  0.15/turn              A - ring of see invisible

@: flying
A: big wings, negative energy resistance 1, electricity resistance, [weak 2],
unbreathing, petrification resistance, rot immunity, [subdued magic 1], AC +12
a: Stop Flying, Berserk, Trog's Hand, Brothers in Arms, Renounce Religion


You were on level 1 of the Abyss.
You worshipped Trog.
Trog was exalted by your worship.
You were full.

You visited 5 branches of the dungeon, and saw 25 of its levels.
You visited the Abyss 1 time.

You collected 2426 gold pieces.

Inventory:

Hand Weapons
 a - a +0 war axe
 b - a +3 battleaxe of chopping
 p - the +9 battleaxe of Ruczo {elec, rF+}
   (Trog gifted it to you on level 15 of the Dungeon)

   Occasionally, upon striking a foe, it will discharge some electrical energy
   and cause terrible harm.
   It protects you from fire.
 B - a +5 executioner's axe of freezing
 L - a +7 executioner's axe of flaming (weapon)
 M - a +5 battleaxe of venom
 P - a +2 antimagic executioner's axe
 R - a +1 battleaxe of electrocution
Armour
 m - a +1 plate armour of fire resistance (worn)
 C - a +2 pair of gloves (worn)
 D - a +2 hat of magic resistance (worn)
Jewellery
 e - a +6 ring of slaying (left hand)
 n - an amulet of the gourmand (around neck)
 o - an uncursed ring of protection from cold
 r - an uncursed ring of stealth
 y - a +2 ring of protection
 A - a ring of see invisible (right hand)
 E - an uncursed ring of protection from magic
 G - an uncursed amulet of regeneration
 O - the ring of Oreemo {rPois Dex+5}
   (You found it on level 2 of the Orcish Mines)

   [ring of dexterity]

   It affects your dexterity (+5).
   It protects you from poison.
Wands
 g - a wand of digging (18)
 k - a wand of polymorph (29)
 q - a wand of clouds (5)
 z - a wand of scattershot (4)
 F - a wand of flame (38)
 J - a wand of acid (15)
 K - a wand of paralysis (8)
Scrolls
 h - 4 scrolls of fog
 i - 8 scrolls of teleportation
 t - 6 scrolls of remove curse
 w - a scroll of identify
 x - 2 scrolls of magic mapping
 I - a scroll of fear
Potions
 d - a potion of heal wounds
 f - 4 potions of ambrosia
 j - 5 potions of might
 l - 13 potions of curing
 s - 3 potions of resistance
 u - 3 potions of cancellation
 v - a potion of berserk rage
 H - a potion of invisibility
 Q - 3 potions of haste
Comestibles
 c - 35 rations


   Skills:
 + Level 16.1 Fighting
 + Level 15.5 Axes
 + Level 15.5 Armour
 + Level 12.4 Dodging


You had 16 spell levels left.
You didn't know any spells.
Your spell library was empty.

Dungeon Overview and Level Annotations

Branches:
Dungeon (15/15)            Temple (1/1) D:4            Lair (6/6) D:11
 Shoals (0/4) Lair:3        Snake (1/4) Lair:4        Slime (0/5) Lair:6
    Orc (2/2) D:12            Elf (0/3) Orc:2        Vaults (0/5) D:13
 Depths (0/5) D:15

Altars:
Cheibriados
Elyvilon
Fedhas
Gozag
Kikubaaqudgha
Nemelex Xobeh
Okawaru
Qazlal
Ru
Sif Muna
Trog
Uskayaw
Vehumet
Wu Jian
Xom
Yredelemnul
Zin
The Shining One
Beogh

Shops:
D:9 *   Orc:2 =?([([*[

Annotations:
D:15 exclusion: Roxanne, Roxanne
Lair:1 3 runed translucent doors, Ravenswing17's ghost, journeyman HaAs


Innate Abilities, Weirdness & Mutations

You are resistant to torment.
Your stone body is resilient. (AC +12)
You are immune to poison.
Your large and strong wings let you fly indefinitely.
You resist negative energy. (rN+)
You are resistant to electric shocks. (rElec)
You can survive without breathing.
You are immune to petrification.
You are immune to rotting.
[You are very weak. (Str -4)]
[Your spells are a little easier to cast, but a little less powerful.]


Message History

A starcursed mass is nearby!
A starcursed mass is nearby!
A starcursed mass is nearby!
A starcursed mass splits.
A chorus of shrieks assaults your mind.
* * * LOW HITPOINT WARNING * * *
A starcursed mass splits.
A starcursed mass splits.
A starcursed mass splits. x2
A starcursed mass splits.
A deafening chorus of shrieks assaults your mind!
* * * LOW HITPOINT WARNING * * *
A deafening chorus of shrieks assaults your mind!
* * * LOW HITPOINT WARNING * * *
You suddenly lose the ability to move!
A starcursed mass splits.
You can move again.
Your deep troll goes berserk!
You feel quite a bit less full.
A starcursed mass splits.
A deafening chorus of shrieks assaults your mind!
You die...

# ###.#
....########
......#.....#####
.........T.........
.....⌠##@....... ..
# .................
.
.⌠.⌠..#....########
.....#...X..###
....#.....X#......
... #.......X####
.# #.....X.XX.. .
#.......X...
.........X.....


You could see 7 starcursed masses and a friendly deep troll (berserk).

Vanquished Creatures
  Jorgrun (Orc:2)
  Gastronok (D:10)
  Kirke (Lair:6)
  A balrug (Abyss:1)
  The ghost of mortress the Grappler, a journeyman DrTm of Ru (Orc:2)
  2 entropy weavers (Lair:5)
  An ettin (D:15)
  A great orb of eyes (Abyss:1)
  3 catoblepae
  8 hydras
  3 anacondas (Snake:1)
  A queen ant (Lair:5)
  3 centaur warriors
  5 two-headed ogres
  9 death yaks
  A deep troll shaman (Lair:6)
  An orc high priest (Orc:2)
  3 tengu warriors (D:15)
  A thrashing horror (Abyss:1)
  A shock serpent (Snake:1)
  Urug (Lair:6)
  2 naga sharpshooters (Snake:1)
  2 sun demons (Abyss:1)
  3 unseen horrors
  A naga ritualist (Snake:1)
  A deep elf archer (D:15)
  A lindwurm (Lair:6)
  A wolf spider zombie (D:12)
  Pikel (D:4)
  The ghost of Skvari the Cleaver, a novice HOFi of Beogh (D:4)
  7 orc sorcerers
  A cyclops (D:15)
  A mana viper (Snake:1)
  8 ugly things
  2 worldbinders (Abyss:1)
  13 elephants
  2 salamanders (Snake:1)
  14 black mambas
  4 centaur zombies
  A naga mage (Snake:1)
  10 spiny frogs
  2 smoke demons (Abyss:1)
  A gargoyle (D:14)
  A dire elephant skeleton (Abyss:1)
  3 centaur skeletons
  A rime drake (Lair:2)
  4 komodo dragons
  A yaktaur (D:15)
  A polar bear (shapeshifter) (D:14)
  A tengu conjurer (D:15)
  A jumping spider (shapeshifter) (D:15)
  3 polar bears (Lair:6)
  5 trolls
  An ancient zyme (Abyss:1)
  3 raiju (Abyss:1)
  7 hippogriffs
  11 slime creatures
  Grinder (D:3)
  3 blink frogs (Lair:6)
  A centaur simulacrum (D:15)
  The ghost of ahnwi the Digger, an amateur GrEE of Vehumet (D:3)
  A shadow (D:15)
  Sigmund (D:2)
  3 wyverns
  A water elemental (D:15)
  3 hogs (Lair:6)
  2 wraiths
  12 humans (D:13)
  50 yaks
  5 hungry ghosts
  2 wargs
  24 soldier ants (Lair:5)
  2 acid dragons
  15 water moccasins
  A naga (shapeshifter) (D:13)
  A hell hound (Abyss:1)
  7 nagas
  12 porcupines
  3 sky beasts
  Duvessa (D:6)
  3 ice beasts
  26 orc warriors
  3 black bears
  5 phantoms
  12 ogres
  An eye of draining (D:14)
  A necrophage (D:12)
  12 wolves
  12 centaurs
  13 crocodiles
  3 big kobolds
  Blork the orc (D:5)
  14 bullfrogs
  3 small abominations (Abyss:1)
  Dowan (D:6)
  A troll zombie (D:12)
  A water moccasin skeleton (D:7)
  6 scorpions
  10 killer bees
  11 wights
  4 crimson imps
  A howler monkey (D:5)
  2 starcursed masses (Abyss:1)
  2 bullfrog zombies
  40 orc wizards
  20 orc priests
  6 bullfrog skeletons
  6 hounds
  3 jellies
  Terence (D:2)
  30 worker ants
  3 iguanas
  A killer bee zombie (D:6)
  5 ogre zombies (D:12)
  A hound zombie (D:3)
  A worker ant zombie (D:9)
  6 gnolls
  7 adders
  4 shadow imps
  An ufetubus (Abyss:1)
  An ooze (D:2)
  An adder skeleton (D:7)
  4 worms
  2 dart slugs
  6 leopard geckos
  94 orcs
  A ball python (D:2)
  5 giant cockroaches
  8 hobgoblins
  13 jackals
  6 quokkas
  10 bats
  4 frilled lizards
  A giant cockroach zombie (D:5)
  8 goblins
  2 goblin zombies (D:12)
  A hobgoblin skeleton (D:14)
  13 kobolds
  A leopard gecko skeleton (D:5)
  16 orc zombies (D:12)
  A quokka skeleton (D:8)
  A quokka zombie (D:5)
  5 rats
  4 fungi
  3 plants
817 creatures vanquished.

Vanquished Creatures (collateral kills)
  A hydra (Lair:2)
  A wretched star (Abyss:1)
  A ynoxinul (Abyss:1)
  5 starcursed masses (Abyss:1)
  A crocodile (Lair:2)
9 creatures vanquished.

Vanquished Creatures (others)
  2 orc priests
  An ufetubus (Abyss:1)
  21 fungi
  2 lurking horrors (Abyss:1)
  13 plants
39 creatures vanquished.

Grand Total: 865 creatures vanquished

Notes
Turn   | Place    | Note
-------+----------+-------------------------------------------
     0 | D:1      | Fang the Gargoyle Berserker began the quest for the Orb.
     0 | D:1      | Reached XP level 1. HP: 14/14 MP: 1/1
    85 | D:1      | Reached XP level 2. HP: 19/19 MP: 2/2
   364 | D:1      | Reached ** piety under Trog
   364 | D:1      | Reached XP level 3. HP: 23/23 MP: 3/3
   980 | D:2      | Reached XP level 4. HP: 19/29 MP: 4/4
  1274 | D:2      | Found an ornate altar of the Wu Jian Council.
  1275 | D:2      | Found a sparkling altar of Nemelex Xobeh.
  1277 | D:2      | Found an opulent altar of Gozag.
  1291 | D:2      | Noticed Sigmund
  1799 | D:2      | Killed Sigmund
  1799 | D:2      | Reached skill level 4 in Fighting
  1799 | D:2      | Reached XP level 5. HP: 13/34 MP: 5/5
  1984 | D:2      | Reached XP level 6. HP: 32/39 MP: 6/6
  2092 | D:2      | Noticed Terence
  2104 | D:2      | Killed Terence
  2144 | D:3      | Noticed Grinder
  2151 | D:3      | Paralysed by Grinder for 4 turns
  2158 | D:3      | Killed Grinder
  2158 | D:3      | Reached skill level 5 in Fighting
  2158 | D:3      | Reached XP level 7. HP: 43/44 MP: 7/7
  2246 | D:3      | Found a bloodstained altar of Trog.
  2704 | D:3      | Found a runed translucent gate.
  2704 | D:3      | Identified the +12 dagger of Parts Unknown {elec, rF+ rC+
                  | MP-9}
  2706 | D:3      | Noticed ahnwi's ghost (amateur GrEE)
  2708 | D:3      | Found a runed translucent gate.
  2710 | D:3      | Found a runed translucent gate.
  2898 | D:3      | Reached *** piety under Trog
  3554 | D:3      | Killed ahnwi's ghost
  3585 | D:3      | Reached skill level 5 in Armour
  3643 | D:3      | Reached XP level 8. HP: 16/51 MP: 8/8
  3939 | D:4      | Noticed Pikel
  3953 | D:4      | Killed Pikel
  3953 | D:4      | Reached skill level 6 in Fighting
  3953 | D:4      | Reached skill level 5 in Axes
  4214 | D:4      | Found a runed translucent gate.
  4214 | D:4      | Noticed Skvari's ghost (novice HOFi)
  4215 | D:4      | Found a runed translucent gate.
  4219 | D:4      | Identified the +1 chain mail "Wusi" {+Blink rPois rF+
                  | Str+3}
  4224 | D:4      | Found a runed translucent gate.
  4231 | D:5      | Entered Level 5 of the Dungeon
  4274 | D:4      | Found a stormy altar of Qazlal.
  4278 | D:4      | Found a hide-covered altar of Uskayaw.
  4278 | D:4      | Found a snail-covered altar of Cheibriados.
  4294 | D:4      | Found a sacrificial altar of Ru.
  4298 | D:4      | Found a glowing golden altar of the Shining One.
  4323 | D:4      | Found a staircase to the Ecumenical Temple.
  4426 | Temple   | Entered the Ecumenical Temple
  4459 | D:4      | Found a roughly hewn altar of Beogh.
  4533 | D:4      | Killed Skvari's ghost
  4533 | D:4      | Reached skill level 7 in Fighting
  4533 | D:4      | Reached skill level 5 in Dodging
  4533 | D:4      | Reached XP level 9. HP: 56/57 MP: 9/9
  4816 | D:5      | Noticed Blork the orc
  4828 | D:5      | Killed Blork the orc
  4855 | D:5      | Reached **** piety under Trog
  4898 | D:5      | Found an ancient bone altar of Kikubaaqudgha.
  4928 | D:5      | Found a deep blue altar of Sif Muna.
  5942 | D:6      | Reached skill level 8 in Fighting
  6400 | D:6      | Reached XP level 10. HP: 54/64 MP: 10/10
  6592 | D:6      | Reached ***** piety under Trog
  7078 | D:6      | Noticed Duvessa
  7078 | D:6      | Noticed Dowan
  7081 | D:6      | Killed Duvessa
  7096 | D:6      | Killed Dowan
  7243 | D:7      | Found a white marble altar of Elyvilon.
  7932 | D:7      | Reached skill level 9 in Fighting
  9234 | D:9      | Found Jiseam's Assorted Antiques.
  9380 | D:9      | Reached XP level 11. HP: 48/71 MP: 11/11
  9499 | D:9      | Found a glowing silver altar of Zin.
  9500 | D:9      | Found a white marble altar of Elyvilon.
  9908 | D:10     | Entered Level 10 of the Dungeon
 10096 | D:10     | Noticed a two-headed ogre
 10112 | D:10     | Killed a two-headed ogre
 10112 | D:10     | Reached skill level 10 in Fighting
 10118 | D:10     | Received a gift from Trog
 10322 | D:10     | Noticed Gastronok
 10335 | D:10     | Killed Gastronok
 10335 | D:10     | Reached skill level 10 in Axes
 10335 | D:10     | Reached skill level 10 in Armour
 10357 | D:10     | Noticed a two-headed ogre
 10365 | D:10     | Killed a two-headed ogre
 10925 | D:11     | Noticed a two-headed ogre
 10936 | D:11     | Killed a two-headed ogre
 11011 | D:11     | Noticed a red ugly thing
 11028 | D:11     | Killed a red ugly thing
 11266 | D:11     | Reached XP level 12. HP: 69/79 MP: 12/12
 11396 | D:11     | Found a staircase to the Lair.
 11636 | D:11     | Got a heavily runed emerald amulet
 11637 | D:11     | Identified the amulet of Jamump {Inacc Fragile Str+5} (You
                  | found it on level 11 of the Dungeon)
 11756 | Lair:1   | Entered Level 1 of the Lair of Beasts
 11814 | Lair:1   | Found a dark tunnel.
 11867 | Lair:1   | Reached skill level 11 in Fighting
 11933 | Lair:1   | Found a runed translucent gate.
 11933 | Lair:1   | Found a runed translucent gate.
 11933 | Lair:1   | Found a runed translucent gate.
 11936 | Lair:1   | Noticed Ravenswing17's ghost (journeyman HaAs)
 11936 | Lair:1   | Noticed a nine-headed hydra
 12053 | Lair:1   | Noticed a five-headed hydra
 12063 | Lair:1   | Killed a ten-headed hydra
 12922 | Lair:2   | Found a frozen archway.
 12985 | Lair:2   | Noticed a seven-headed hydra
 12994 | Lair:2   | Killed a ten-headed hydra
 13361 | Lair:2   | Identified the Reference Book on the Assistive Frostbite
 13947 | Lair:3   | Received a gift from Trog
 13953 | Lair:3   | Reached skill level 12 in Fighting
 13955 | Lair:3   | Reached XP level 13. HP: 74/86 MP: 13/13
 14136 | Lair:3   | Found a staircase to the Shoals.
 15629 | Lair:4   | Found a staircase to the Snake Pit.
 15743 | Lair:4   | You fall through a shaft!
 15763 | Lair:5   | Noticed an entropy weaver
 15783 | Lair:5   | Reached skill level 10 in Dodging
 16041 | Lair:5   | Received a gift from Trog
 16073 | Lair:5   | Received a gift from Trog
 16093 | Lair:5   | Noticed an entropy weaver
 16105 | Lair:5   | Killed an entropy weaver
 16105 | Lair:5   | Reached skill level 13 in Fighting
 16353 | Lair:5   | Gained mutation: Your large and strong wings let you fly
                  | indefinitely. [Gargoyle growth]
 16353 | Lair:5   | Reached XP level 14. HP: 94/94 MP: 14/14
 16615 | Lair:5   | Killed an entropy weaver
 17624 | Snake:1  | Entered Level 1 of the Snake Pit
 17655 | Lair:6   | Entered Level 6 of the Lair of Beasts
 17676 | Lair:6   | Found a staircase to the Slime Pits.
 17798 | Lair:6   | Noticed Kirke
 17811 | Lair:6   | Killed Kirke
 18499 | Lair:6   | Received a gift from Trog
 18729 | Lair:6   | Noticed Urug
 18738 | Lair:6   | Killed Urug
 18806 | Lair:6   | Reached skill level 14 in Fighting
 19922 | D:12     | Found a staircase to the Orcish Mines.
 20100 | D:12     | Reached ****** piety under Trog
 20100 | D:12     | Reached XP level 15. HP: 100/100 MP: 15/15
 20205 | D:12     | Received a gift from Trog
 20554 | D:13     | Found an iron altar of Okawaru.
 20916 | D:13     | Found a radiant altar of Vehumet.
 21145 | D:13     | Found a gate to the Vaults.
 21739 | D:14     | Received a gift from Trog
 21853 | D:15     | Entered Level 15 of the Dungeon
 21854 | D:15     | Noticed Roxanne
 22593 | D:15     | Found a staircase to the Depths.
 22874 | D:15     | Received a gift from Trog
 22877 | D:15     | Got an encrusted battleaxe {god gift}
 22878 | D:15     | Identified the +9 battleaxe of Ruczo {elec, rF+} (Trog
                  | gifted it to you on level 15 of the Dungeon)
 22953 | D:15     | Reached skill level 15 in Fighting
 22953 | D:15     | Reached skill level 15 in Axes
 22953 | D:15     | Reached XP level 16. HP: 108/108 MP: 16/16
 23362 | Orc:1    | Entered Level 1 of the Orcish Mines
 23548 | Orc:1    | Found a roughly hewn altar of Beogh.
 23841 | Orc:2    | Entered Level 2 of the Orcish Mines
 23841 | Orc:2    | Found Casing's Magic Scroll Emporium.
 23845 | Orc:2    | Found Numal's Jewellery Shop.
 23864 | Orc:2    | Found a staircase to the Elven Halls.
 24032 | Orc:2    | Found Powatomi's Assorted Antiques.
 24392 | Orc:2    | Noticed mortress's ghost (journeyman DrTm)
 24395 | Orc:2    | Found a transporter.
 24397 | Orc:2    | Noticed Jorgrun
 24407 | Orc:2    | Killed Jorgrun
 24407 | Orc:2    | Reached skill level 15 in Armour
 24581 | Orc:2    | Found Norru's Armour Emporium.
 24724 | Orc:2    | Found Koduin's Weapon Emporium.
 24724 | Orc:2    | Found Ylyseff's Antique Armour Emporium.
 24725 | Orc:2    | Found Gaiptat's Antique Armour Shoppe.
 24731 | Orc:2    | Found Weazupp's Weapon Shoppe.
 24844 | Orc:2    | Received a gift from Trog
 24844 | Orc:2    | Reached XP level 17. HP: 114/114 MP: 17/17
 24941 | Orc:2    | Found a transporter.
 25124 | Orc:2    | Killed mortress's ghost
 25145 | Orc:2    | Got a translucent turquoise ring
 25156 | Orc:2    | Identified the ring of Oreemo {rPois Dex+5} (You found it
                  | on level 2 of the Orcish Mines)
 25159 | Orc:2    | Identified a scroll of acquirement
 25963 | Snake:1  | Cast into level 1 of the Abyss (salamander)
 26129 | Abyss:1  | Reached skill level 16 in Fighting
 26288 | Abyss:1  | Paralysed by accursed screaming for 2 turns
 26298 | Abyss:1  | HP: 5/115 [starcursed mass/accursed screaming (6)]
 26452 | Abyss:1  | Paralysed by accursed screaming for 1 turns
 26453 | Abyss:1  | Killed from afar by a starcursed mass

Skill      XL: |  1  2  3  4  5  6  7  8  9 10 11 12 13 14 15 16 17 |
---------------+----------------------------------------------------+-----
Axes           | 3 4 6 7 9 11 12 13 14 15 | 15.5
Dodging        | 2 3 5 7 8 9 10 11 12 | 12.4
Armour         | 3 4 5 6 7 9 10 11 12 14 15 | 15.5
Fighting       | 4 5 7 8 9 10 12 13 14 15 16 | 16.1

Action                   |  1- 3 |  4- 6 |  7- 9 | 10-12 | 13-15 | 16-18 || total
-------------------------+-------+-------+-------+-------+-------+-------++-------
Melee: Hand axe          |   105 |    77 |   246 |       |       |       ||   428
       War axe           |       |       |   173 |   418 |       |       ||   591
       Broad axe         |       |       |       |   299 |     2 |       ||   301
       Executioner's axe |       |       |       |       |   742 |   253 ||   995
Invok: Berserk           |       |     4 |     6 |     9 |    10 |     3 ||    32
       Trog's Hand       |       |       |     2 |     1 |       |       ||     3
       Brothers in Arms  |       |       |       |     2 |       |     2 ||     4
 Abil: Fly               |       |       |       |       |     1 |       ||     1
  Use: Scroll            |       |       |     8 |    15 |    10 |     3 ||    36
       Potion            |       |       |     1 |     1 |     3 |     3 ||     8
 Stab: Petrified         |       |       |       |       |    12 |       ||    12
       Petrifying        |       |       |       |       |     3 |       ||     3
  Eat: Chunk             |       |     4 |    10 |    70 |    65 |    11 ||   160
       Ration            |       |     1 |     3 |       |       |       ||     4
Armor: Animal skin       |    62 |    42 |    12 |       |       |       ||   116
       Chain mail        |       |       |    34 |       |       |       ||    34
       Plate armour      |       |       |   313 |   722 |   917 |   243 ||  2195
Dodge: Dodged            |    88 |    64 |   256 |   455 |   607 |   222 ||  1692
